Unix NetHack Version 3.7.0-86 Work-in-progress - last build May 30 2023 01:50:43 (cc98dc9aa62a9957b082a042edf5bd7ec9f632c7,branch:master). Game began 2023-06-01 21:44:40, ended 2023-06-01 21:47:34. zarg, lawful male human Samurai ---------- |........| |........| |...<....| |.......@| |........| ---------- Zarg the Hatamoto St:16 Dx:17 Co:18 In:9 Wi:9 Ch:7 Lawful S:149 Dlvl:3 $:7 HP:0(15) Pw:2(2) AC:10 Xp:1/8 T:205 Latest messages: You kill the goblin! There is a goblin corpse here; eat it? [ynq] (n) This goblin corpse tastes okay. You finish eating the goblin corpse. $ - 4 gold pieces (7 in total). You find a hidden door. The door opens. You descend the stairs. You see here a gunyoki. i - a gunyoki. You kill the newt! This door is locked. This door is locked. This door is locked. This door is locked. This door is locked. You descend the stairs. Drink from the fountain? [yn] (n) You attract a water nymph! Drink from the fountain? [yn] (n) The cool draught refreshes you. The beautiful water nymph seduces you and helps you to take off your mail. The water nymph pretends to be friendly. The water nymph stole a cursed +0 yumi. The water nymph stole an uncursed +0 katana. The water nymph stole a tripe ration. The water nymph stole an elven spear. The water nymph stole 31 uncursed +0 ya. You can move again. The water nymph steals a cursed rustproof +0 splint mail! The water nymph vanishes! Drink from the fountain? [yn] (n) You feel self-knowledgeable... The feeling subsides. Drink from the fountain? [yn] (n) This tepid water is tasteless. Drink from the fountain? [yn] (n) You unleash a water demon! Grateful for her release, she grants you a wish! You may wish for an object. You are blasted by the runesword named Stormbringer's power! You hear the wailing of the Banshee... j - a runesword named Stormbringer. The fountain dries up! What do you want to wield? [- bj or ?*] Never mind. What do you want to drop? [$bhij or ?*] You drop a runesword named Stormbringer. You are blasted by the runesword named Stormbringer's power! You die... Inventory: Weapons b - an uncursed +0 wakizashi (alternate weapon; not wielded) Wands h - an uncursed wand of light (0:10) Comestibles i - an uncursed gunyoki Coins $ - 7 gold pieces Zarg the Samurai's attributes: Background: You were a Hatamoto, a level 1 male human Samurai. You were lawful, on a mission for Amaterasu Omikami who was opposed by Raijin (neutral) and Susanowo (chaotic). You were in the Dungeons of Doom, on level 3. You entered the dungeon 205 turns ago. You had 8 experience points, 12 more were needed to attain level 2. Your score was 149 before end-of-game adjustments. Basics: You had 0 out of 15 hit points. You had both energy points (spell power). Your armor class was 10. Your wallet contained 7 zorkmids. Autopickup was on for '$!"=/', with exceptions. Final Characteristics: Your strength was 16 (limit:18/100). Your dexterity was 17 (limit:18). Your constitution was 18 (limit:18). Your intelligence was 9 (limit:18). Your wisdom was 9 (limit:18). Your charisma was 7 (limit:18). Final Status: You were not hungry. You were unencumbered. You were bare handed. You had basic skill with martial arts. You were not wearing any armor. Final Attributes: You were fervently aligned. You were fast. You are dead. Miscellaneous: You disabled loading of bones levels. Total elapsed playing time was 2 minutes and 53 seconds. Major events: Turn 1: zarg the lawful male human Samurai entered the dungeon 204: made his first wish - "blessed fixed stormbringer", got "a runesword named Stormbringer" 205: killed by touching Stormbringer Vanquished creatures: a goblin 2 newts 3 creatures vanquished. No species were genocided or became extinct. Voluntary challenges: You were an atheist. You were illiterate. You never engraved Elbereth. You never had a pet. You never genocided any monsters. You never polymorphed an object. You never changed form. You used 1 wish (for an artifact). The Dungeons of Doom: levels 1 to 3 Level 1: Level 2: Level 3: <- You were here. Final resting place for you, killed by touching Stormbringer. Game over: ---------- / \ / REST \ / IN \ / PEACE \ / \ | zarg | | 7 Au | | killed by | | touching | | Stormbringer | | | | 2023 | *| * * * | * _________)/\\_//(\/(/\)/\//\/|_)_______ Sayonara zarg the Samurai... You died in The Dungeons of Doom on dungeon level 3 with 149 points, and 7 pieces of gold, after 205 moves. You were level 1 with a maximum of 15 hit points when you died.